 Dungeon Crawl Stone Soup version 0.28.0-53-g5a82cb258f (webtiles) character file.

Game seed: 13206559737879272443

954 quokkamancerX the Summoner (level 8, -3/41 HPs)
             Began as a Tengu Summoner on July 10, 2022.
             Was an Initiate of Gozag.
             Slain by an orc priest
             ... wielding a +0 hand axe
              (5 damage)
             ... on level 5 of the Dungeon.
             The game lasted 00:19:37 (5362 turns).

quokkamancerX the Summoner (Tengu Summoner)         Turns: 5362, Time: 00:19:38

Health: -3/41      AC:  2    Str:  9    XL:     8   Next: 14%
Magic:  13/15      EV: 16    Int: 18    God:    Gozag
Gold:   323        SH:  0    Dex: 26    Spells: 8/15 levels left

rFire   . . .      SeeInvis .   a - +9 morningstar of Qazlal's Favour {elec, Drain Will++}
rCold   + . .      Faith    .   (no shield)
rNeg    . . .      Spirit   .   s - +0 robe {rC+}
rPois   .          Reflect  .   (helmet restricted)
rElec   .          Harm     .   (no cloak)
rCorr   .          Rampage  .   (no gloves)
Will    ++...                   (boots unavailable)
Stlth   +++.......              (no amulet)
HPRegen 0.13/turn               c - +6 ring of dexterity
MPRegen 0.14/turn               k - +6 ring of dexterity

@: lethally poisoned (-3 -> -17), gold aura, flying quickly and evasively, quick
A: beak, talons 3, nimble flight
a: Renounce Religion, Potion Petition, Call Merchant, Bribe Branch


You were on level 5 of the Dungeon.
You worshipped Gozag.
Gozag was aware of your devotion.
You visited 1 branch of the dungeon, and saw 5 of its levels.

You collected 338 gold pieces.
You paid 15 gold pieces to Gozag.

Inventory:

Hand Weapons
 a - the +9 morningstar of Qazlal's Favour (weapon) {elec, Drain Will++}
   (You found it on level 4 of the Dungeon)

   It occasionally discharges a powerful burst of electricity upon striking a
   foe.
   Drain:     It drains your maximum health when unequipped.
   Will:      It greatly increases your willpower.
Armour
 s - a +0 robe of cold resistance (worn)
Jewellery
 c - a +6 ring of dexterity (left hand)
 k - a +6 ring of dexterity (right hand)
Scrolls
 d - a scroll of vulnerability {unknown}
 j - a scroll of silence {unknown}
 l - a scroll of enchant armour {unknown}
 n - a scroll of amnesia {unknown}
 p - a scroll of immolation {unknown}
 q - a scroll of holy word {unknown}
 r - a scroll of fog
 t - a scroll of summoning {unknown}
 u - a scroll of teleportation {unknown}
Potions
 b - 2 potions of heal wounds
 e - 3 potions of magic
 f - a potion of attraction
 g - a potion of curing {unknown}
 h - a potion of flight {unknown}
 m - 2 potions of mutation
 o - a potion of ambrosia {unknown}


   Skills:
 - Level 2.1 Dodging
 + Level 3.9 Stealth
 - Level 4.0 Spellcasting
 - Level 4.0 Hexes
 - Level 8.0 Summonings


You had 8 spell levels left.
You knew the following spells:

 Your Spells              Type           Power      Damage    Failure   Level
a - Summon Small Mammal   Summ           100%       N/A       1%          1
b - Call Canine Familiar  Summ           32%        N/A       1%          3
c - Summon Guardian Gole  Hex/Summ       25%        N/A       3%          3

Your spell library contained the following spells:

 Spells                   Type           Power      Damage    Failure   Level
 Call Imp                 Summ           32%        N/A       1%          2
 Inner Flame              Hex/Fire       10%        N/A       19%         3
 Cause Fear               Hex            9%         N/A       28%         4
 Summon Lightning Spire   Summ/Air       18%        N/A       28%         4
 Animate Dead             Necr           1%         N/A       82%         4
 Borgnjor's Vile Clutch   Necr/Erth      1%         N/A       99%         5
 Death Channel            Necr           1%         N/A       100%        6
 Orb of Destruction       Conj           1%         9d5       100%        7
 Spellforged Servitor     Conj/Summ      9%         N/A       100%        7
 Discord                  Hex            9%         N/A       100%        8


Dungeon Overview and Level Annotations

Branches:
Dungeon (5/15)
 Temple: D:4-7

Altars:
Gozag

Annotations:
D:3 2 exclusions, Grinder


Innate Abilities, Weirdness & Mutations

You have a beak for a mouth.
You have claws for feet.
Your magical nature lets you fly swiftly and evasively.


Message History

You sock the orc! Lightning courses through the orc!!
You kill the orc!
The killer bee barely misses you.
Your hound barely misses the killer bee.
The killer bee stings you.
Your hound bites the killer bee but does no damage.
The killer bee stings you.
Your hound closely misses the killer bee.
The killer bee stings you but does no damage.
Your hound barely misses the killer bee.
The killer bee closely misses you.
The orc priest is distracted by your dazzling golden aura.
The orc priest shouts!
You thump the orc priest!
The orc priest is no longer distracted by gold.
The orc priest is heavily wounded.
The killer bee barely misses you.
Your hound closely misses the killer bee.
The killer bee stings you!
You are poisoned.
The killer bee poisons you!
The orc priest hits you with a +0 hand axe.
Your hound bites the killer bee.
The killer bee stings you!
* * * LOW HITPOINT WARNING * * *
You closely miss the orc priest. You claw the orc priest.
The orc priest is almost dead.
* * * LOW HITPOINT WARNING * * *
You feel very sick. The killer bee stings you.
* * * LOW HITPOINT WARNING * * *
You are more poisoned.
The killer bee poisons you!
Your hound barely misses the killer bee.
The killer bee stings you but does no damage.
The orc priest hits you with a +0 hand axe.
* * * LOW HITPOINT WARNING * * *
Your hound bites the killer bee.
The killer bee misses you.
The orc priest hits you with a +0 hand axe.
You die...
Your body crumbles into a pile of gold.

####.##.# ....
##.....#.##....
##....$...#....
#............#
.............#
.............###
.......h<.......
........y$...###
#........@.....#
.>.$.....o.#.#...
...........#.# ##
...........# #
...........#
#.#......$##
#..........
#.....###


You could see a killer bee (ally target), an orc priest and a friendly hound
(summoned).

Vanquished Creatures
  Sigmund (D:3)
  A killer bee (D:5)
  A hound skeleton (D:4)
  An adder (D:2)
  4 orcs
  2 ball pythons
  2 endoplasms (D:3)
  3 giant cockroaches
  4 hobgoblins
  A quokka (D:1)
  3 bats (D:1)
  2 frilled lizards (D:3)
  6 goblins
  6 kobolds
  A rat (D:3)
38 creatures vanquished.

Vanquished Creatures (collateral kills)
  An ogre (D:4)
  A lemure (D:4)
  A scorpion (D:4)
  An orc priest (D:3)
  A hound skeleton (D:4)
  A howler monkey skeleton (D:4)
  A white imp (D:5)
  A dart slug (D:4)
  2 endoplasms
  3 goblins
  4 hobgoblins
  10 kobolds
  3 quokkas (D:1)
  4 ball pythons
  2 bats (D:2)
  A rat (D:1)
37 creatures vanquished.

Vanquished Creatures (others)
  Pikel (D:4)
  6 plants (D:2)
7 creatures vanquished.

Grand Total: 82 creatures vanquished

Notes
Turn   | Place    | Note
-------+----------+-------------------------------------------
     0 | D:1      | quokkamancerX the Tengu Summoner began the quest for the
                  | Orb.
     0 | D:1      | Reached XP level 1. HP: 10/10 MP: 4/4
   217 | D:1      | Reached XP level 2. HP: 12/15 MP: 6/6
  1102 | D:1      | Reached XP level 3. HP: 19/19 MP: 5/8
  1115 | D:1      | Learned a level 3 spell: Call Canine Familiar
  1731 | D:2      | Found an opulent altar of Gozag.
  1736 | D:2      | Became a worshipper of Gozag Ym Sagoz the Greedy
  2924 | D:3      | Noticed Grinder
  3201 | D:3      | Noticed Sigmund
  3253 | D:3      | Killed Sigmund
  3254 | D:3      | Reached skill level 6 in Summonings
  3254 | D:3      | Reached skill level 7 in Summonings
  3254 | D:3      | Reached XP level 4. HP: 17/24 MP: 8/11
  3254 | D:3      | Gained mutation: Your magical nature lets you fly swiftly
                  | and evasively. [Tengu growth]
  3254 | D:3      | Reached XP level 5. HP: 19/28 MP: 8/12
  3413 | D:3      | Reached XP level 6. HP: 30/32 MP: 13/13
  3628 | D:3      | Found an opulent altar of Gozag.
  4277 | D:4      | Learned a level 3 spell: Summon Guardian Golem
  4309 | D:4      | Noticed Pikel
  4363 | D:4      | Killed Pikel
  4364 | D:4      | Reached skill level 8 in Summonings
  4364 | D:4      | Reached XP level 7. HP: 36/36 MP: 3/14
  4720 | D:4      | Identified the +9 morningstar of Qazlal's Favour {elec,
                  | Drain Will++}
  4797 | D:4      | Reached XP level 8. HP: 41/41 MP: 11/15
  5330 | D:5      | Entered Level 5 of the Dungeon
  5362 | D:5      | HP: 2/41 [orc priest/+0 hand axe (3)]
  5362 | D:5      | Slain by an orc priest

Illustrated notes

Levels and vault maps discovered:
D:1:      dpeg_arrival_simpleton_a, layout_rooms, minmay_tall_x
D:2:      layout_basic, basic_altar, serial_forest,
          infiniplex_forest_lined_ring, infiniplex_forest_straight_4,
          infiniplex_forest_lined_2, infiniplex_forest_pool,
          infiniplex_forest_lined_2, infiniplex_forest_clump_double,
          infiniplex_forest_end_1, infiniplex_forest_lined_ring,
          infiniplex_forest_straight_2, infiniplex_forest_lined_room_3
D:3:      layout_rooms, grunt_gozag_statues, grunt_decor_cap, uniq_sigmund,
          uniq_grinder
D:4:      mumra_celtic_spiral_tile, layout_loops_corners, uniq_pikel
D:5:      layout_rooms, uniq_eustachio

Skill      XL: |  1  2  3  4  5  6  7 |
---------------+----------------------+-----
Spellcasting   | 3 4 |  4.0
Summonings     | 7 8 |  8.0
Hexes          | 3 4 |  4.0
Stealth        | 3 |  3.9
Dodging        | |  2.1

Action                   |  1- 3 |  4- 6 |  7- 9 || total
-------------------------+-------+-------+-------++-------
Melee: Unarmed           |     9 |       |       ||     9
       Kick              |    23 |    12 |     5 ||    40
       Peck              |    10 |     8 |     2 ||    20
       Dagger            |    50 |    35 |     4 ||    89
       Morningstar       |       |       |    12 ||    12
 Cast: Summon Small Mamm |    22 |       |       ||    22
       Call Canine Famil |    13 |     6 |     4 ||    23
       Summon Guardian G |       |     3 |     3 ||     6
  Use: Scroll            |       |     2 |     3 ||     5
 Stab: Sleeping          |     2 |     3 |       ||     5
       Distracted        |       |     1 |       ||     1
Armor: Robe              |    14 |     3 |     2 ||    19
Dodge: Dodged            |    37 |    21 |    18 ||    76
